AoeStats
← danixe0911

Hill Fort

504394328Analyzed
3v3 RM · 26d ago on Sep 5, 2026· 50m 45s· 6 players
Game mode
Random Map
Map size
Normal (6 player)
Population
200
Speed
Normal
Resources
Standard
Victory
Conquest
Starting age
Dark Age
Ending age
Imperial Age
RankedLock teamsTeams togetherTeam positionsShared explorationLock speedFull tech treeHidden civsTurbo modeCheats
Victory
Defeat
🇺🇸 Burmese · United States
1026
+17
🇲🇽 Maya · Mexico
1007
+18
🇺🇸 Celts · United States
967
+19
🇲🇽 Goths · Mexico
1281
-27
🇨🇴 Bohemians · Colombia
952
-14
🇺🇸 Malians · United States
931
-13
CoCoBudda42
10:32 Feudal Age
16:35 Castle Age
15:07 Horse Collar
16:06 Wheelbarrow
20:21 Bloodlines
22:49 Scale Barding Armor
25:33 Chain Barding Armor
38:02 Manipur Cavalry
41:57 Imperial Age
39:45 Husbandry
42:04 Elite Battle Elephant
45:09 Forging
45:36 Plate Barding Armor
45:23 Caravan
47:43 Howdah
51:26 Conscription
Diesel_Dab
6:14 Loom
11:52 Feudal Age
13:24 Double-Bit Axe
17:44 Castle Age
23:21 Man-at-Arms
23:48 Gambesons
24:05 Horse Collar
27:05 Scale Barding Armor
27:04 Scale Mail Armor
27:38 Gold Mining
27:13 Long Swordsman
30:02 Forging
32:06 Chain Mail Armor
32:54 Bow Saw
36:46 Heavy Plow
38:36 Wheelbarrow
42:44 Imperial Age
41:21 Iron Casting
44:03 Plate Mail Armor
42:57 Two-Handed Swordsman
44:12 Caravan
43:56 Champion
44:23 Arson
44:08 Capped Ram
45:09 Siege Ram
48:00 Blast Furnace
47:33 Pikeman
48:29 Halberdier
danixe0911
0:34 Loom
11:15 Feudal Age
15:30 Castle Age
14:12 Fletching
14:48 Double-Bit Axe
15:09 Horse Collar
16:51 Town Watch
21:16 Bodkin Arrow
22:44 Padded Archer Armor
26:57 Leather Archer Armor
31:36 Wheelbarrow
31:45 Town Patrol
32:38 Hand Cart
36:56 Imperial Age
36:07 Bow Saw
35:59 Heavy Plow
35:50 Gold Mining
35:51 Stone Mining
38:40 Chemistry
38:01 Ballistics
38:17 Conscription
38:54 Bracer
39:25 Ring Archer Armor
39:30 Holcans
39:52 Forging
40:47 Scale Mail Armor
42:34 Iron Casting
42:08 Eagle Warrior
42:49 Squires
42:38 Arson
43:37 Chain Mail Armor
42:43 Pikeman
42:57 Elite Eagle Warrior
45:16 Blast Furnace
44:02 Capped Ram
45:10 Siege Ram
47:46 Elite Plumed Archer
50:25 Plate Mail Armor
50:12 Halberdier
MKNT NavyBlock
8:46 Loom
11:08 Feudal Age
14:47 Wheelbarrow
19:06 Castle Age
17:49 Scale Mail Armor
18:17 Double-Bit Axe
18:21 Horse Collar
19:15 Gold Mining
20:59 Forging
21:27 Heavy Plow
24:59 Hand Cart
33:14 Imperial Age
35:25 Elite Skirmisher
36:28 Gold Mining
36:30 Stone Mining
37:07 Bow Saw
41:01 Fletching
42:48 Padded Archer Armor
44:51 Iron Casting
44:55 Conscription
46:08 Crop Rotation
50:26 Chain Mail Armor
50:27 Leather Archer Armor
Jaguar82
4:12 Loom
5:48 Loom
9:28 Feudal Age
10:03 Double-Bit Axe
10:42 Man-at-Arms
12:43 Scale Mail Armor
13:09 Town Watch
16:58 Gold Mining
20:53 Fletching
21:20 Forging
23:10 Castle Age
23:28 Long Swordsman
24:46 Iron Casting
27:52 Chain Mail Armor
36:00 Anarchy
37:09 Squires
39:39 Wheelbarrow
44:11 Town Patrol
44:28 Hand Cart
44:25 Fletching
45:09 Scale Barding Armor
47:53 Imperial Age
46:56 Bodkin Arrow
49:57 Blast Furnace
49:20 Chain Barding Armor
49:01 Bracer
MKNT | MSP
7:20 Loom
10:45 Feudal Age
17:00 Double-Bit Axe
21:34 Castle Age
20:13 Fletching
20:23 Padded Archer Armor
20:58 Padded Archer Armor
22:17 Bodkin Arrow
24:02 Crossbowman
28:05 Wheelbarrow
29:40 Chemistry
29:09 Horse Collar
32:37 Bow Saw
38:39 Imperial Age
35:56 Elite Skirmisher
38:42 Leather Archer Armor
38:29 Scale Mail Armor
38:40 Forging
39:54 Hand Cart
41:13 Arbalester
42:07 Pikeman
42:48 Squires
43:31 Halberdier
46:06 Chain Mail Armor
46:26 Iron Casting
46:21 Ring Archer Armor
45:51 Bracer
48:02 Conscription
48:00 Redemption
Connection lost

Rejoining the realm…

Still unreachable

The connection could not be restored.

Session expired

The server has moved on; the page needs a fresh start.